 Dungeon Crawl Stone Soup version 0.29.0-11-gd7f09526c8 (webtiles) character file.

Game seed: 15063265330351209691

57689 ILmort the Warrior (level 14, -2/135 HPs)
             Began as a Minotaur Fighter on Sept 4, 2022.
             Was the Champion of Okawaru.
             Slain by a harpy simulacrum (5 damage)
             ... summoned by an orange crystal statue
             ... in an ice cave on Sept 5, 2022.
             The game lasted 01:11:13 (22355 turns).

ILmort the Warrior (Minotaur Fighter)              Turns: 22355, Time: 01:11:13

Health: -2/135     AC: 30    Str: 37      XL:     14   Next: 46%
Magic:  0/21       EV:  5    Int:  4 (5)  God:    Okawaru [******]
Gold:   676        SH:  6    Dex: 19      Spells: 13/13 levels left

rFire   + . .      SeeInvis .   a - +3 demon trident (elec)
rCold   . . .      Faith    .   c - +0 buckler
rNeg    + + .      Spirit   +   U - +5 plate armour of Sophism {rN+ Int+2}
rPois   .          Reflect  .   i - +1 hat of the Raven {+Inv Str+7 Int-2}
rElec   .          Harm     .   H - +0 cloak
rCorr   .          Rampage  .   Q - +0 pair of gloves of the Dungeon {Dex+4}
Will    +....                   (no boots)
Stlth   ..........              f - amulet "Sobon" {Spirit +Inv Str-2 Dex+4}
HPRegen 0.32/turn               V - ring of Circularity {rF+ rN+ Str+7}
MPRegen 0.17/turn               N - +4 ring of protection

@: mesmerised, constricted
A: horns 2, retaliatory headbutt
a: Renounce Religion, Evoke Invisibility, Heroism, Finesse, Duel


You were in an ice cave.
You worshipped Okawaru.
Okawaru was exalted by your worship.
You visited 4 branches of the dungeon, and saw 20 of its levels.
You also visited: Ice Cave.

You collected 1600 gold pieces.
You spent 924 gold pieces at shops.

Inventory:

Hand Weapons
 a - a +3 demon trident of electrocution (weapon)
 b - a +3 morningstar of chaos
 S - the +9 bardiche of the Mauling Gods {flame, rElec Str+2}
   (Okawaru gifted it to you on level 2 of the Orcish Mines)

   It burns those it strikes, dealing additional fire damage.
   Big, fiery blades are also staple armaments of hydra-hunters.
   Str:       It affects your strength (+2).
   rElec:     It insulates you from electricity.
Missiles
 g - 2 throwing nets
 j - 13 poisoned darts
 n - 5 boomerangs of dispersal (quivered)
 Y - 5 datura-tipped darts
Armour
 c - a +0 buckler (worn)
 i - the +1 hat of the Raven (worn) {+Inv Str+7 Int-2}
   (You acquired it on level 4 of the Lair of Beasts)

   Str:       It affects your strength (+7).
   Int:       It affects your intelligence (-2).
   +Inv:      It lets you turn invisible.
 E - a +3 plate armour
 H - a +0 cloak (worn)
 Q - the +0 pair of gloves of the Dungeon (worn) {Dex+4}
   (Okawaru gifted it to you on level 1 of the Lair of Beasts)

   Dex:       It affects your dexterity (+4).
 U - the +5 plate armour of Sophism (worn) {rN+ Int+2}
   (You bought it in a shop on level 2 of the Orcish Mines)

   Int:       It affects your intelligence (+2).
   rN:        It protects you from negative energy.
 W - the +0 buckler "Bylygha" {Harm rF+}
   (Okawaru gifted it to you on level 3 of the Lair of Beasts)

   rF:        It protects you from fire.
   Harm:      It increases damage dealt and taken.
Jewellery
 f - the amulet "Sobon" (around neck) {Spirit +Inv Str-2 Dex+4}
   (You acquired it on level 7 of the Dungeon)

   [amulet of guardian spirit]

   It causes incoming damage to be divided between your reserves of health and
   magic.
   Str:       It affects your strength (-2).
   Dex:       It affects your dexterity (+4).
   +Inv:      It lets you turn invisible.
 v - a ring of willpower
 N - a +4 ring of protection (right hand)
 P - a ring of flight
 V - the ring of Circularity (left hand) {rF+ rN+ Str+7}
   (You found it on level 11 of the Dungeon)

   [ring of protection from fire]

   Str:       It affects your strength (+7).
   rF:        It protects you from fire.
   rN:        It protects you from negative energy.
 X - a ring of fire
Wands
 d - a wand of polymorph (16)
 s - a wand of light (14)
 y - a wand of iceblast (15)
 J - a wand of digging (9)
 K - a wand of mindburst (11)
 O - a wand of flame (42)
 Z - a wand of paralysis (3)
Scrolls
 h - a scroll of magic mapping
 k - 2 scrolls of immolation
 m - 8 scrolls of teleportation
 q - 5 scrolls of torment
 u - 5 scrolls of vulnerability
 L - 2 scrolls of fear
Potions
 e - 3 potions of might
 l - 6 potions of brilliance
 o - 2 potions of attraction {unknown}
 t - 2 potions of heal wounds
 x - 3 potions of mutation {unknown}
 z - 3 potions of magic
 A - 2 potions of berserk rage
 B - 5 potions of lignification
 D - 5 potions of flight
 F - 4 potions of haste
 G - 3 potions of curing
 M - 4 potions of degeneration {unknown}
 R - 2 potions of resistance {unknown}
 T - a potion of invisibility {unknown}


   Skills:
 + Level 15.4 Fighting
 - Level 5.0 Maces & Flails
 + Level 15.4 Polearms
 - Level 6.0 Throwing
 + Level 15.3 Armour
 - Level 4.0 Shields
 + Level 11.5 Invocations


You had 13 spell levels left.
You didn't know any spells.
Your spell library contained the following spells:

 Spells                   Type           Power      Damage    Failure   Level
 Beastly Appendage        Tmut           0%         N/A       96%         1
 Magic Dart               Conj           0%         1d3       96%         1
 Shock                    Conj/Air       0%         1d3       96%         1
 Slow                     Hex            0%         N/A       96%         1
 Blink                    Tloc           0%         N/A       99%         2
 Poisonous Vapours        Pois/Air       0%         N/A       99%         2
 Wereblood                Tmut           0%         N/A       99%         2
 Confusing Touch          Hex            0%         N/A       100%        3
 Dazzling Flash           Conj/Hex       0%         N/A       100%        3
 Lesser Beckoning         Tloc           0%         N/A       100%        3
 Mephitic Cloud           Conj/Pois/Air  0%         N/A       100%        3
 Spider Form              Tmut/Pois      0%         N/A       100%        3
 Vampiric Draining        Necr           0%         2d6       100%        3
 Corpse Rot               Necr/Pois/Air  0%         N/A       100%        4
 Iskenderun's Mystic Bla  Conj/Tloc      0%         2d3       100%        4
 Agony                    Necr           0%         N/A       100%        5
 Irradiate                Conj/Tmut      0%         3d11      100%        5
 Manifold Assault         Tloc           0%         N/A       100%        5
 Silence                  Hex/Air        0%         N/A       100%        5
 Starburst                Conj/Fire      0%         6d3       100%        6
 Enfeeble                 Hex            0%         N/A       100%        7
 Call Imp                 Summ           Unusable   N/A       N/A         2

Dungeon Overview and Level Annotations

Branches:
Dungeon (14/15)            Temple (1/1) D:6            Lair (5/5) D:8
  Swamp (0/4) Lair:2        Snake (0/4) Lair:3        Slime (0/5) Lair:4
    Orc (2/2) D:9             Elf (0/3) Orc:2         IceCv (1/1)
 Vaults: D:13-14

Altars:
Ashenzari
Cheibriados
Dithmenos
Elyvilon
Fedhas
Gozag
Hepliaklqana
Kikubaaqudgha
Nemelex Xobeh
Okawaru
Qazlal
Ru
Sif Muna
Trog
Uskayaw
Vehumet
Wu Jian
Xom
Yredelemnul
Zin
The Shining One

Shops:
D:3 (   D:5 (   Orc:2 [:=[

Annotations:
D:7 2 transporters, DoubleLucky's ghost, novice TrFi
D:10 Nergalle; Sonja IceCv exclusions: obsidian statue and orange crystal statue


Innate Abilities, Weirdness & Mutations

You have a pair of horns on your head.
You reflexively headbutt those who attack you in melee.


Message History

The spriggan defender simulacrum hits you!
The spriggan defender simulacrum freezes you!!!
The harpy simulacrum claws you but does no damage.
The harpy simulacrum barely misses you.
The obsidian statue's eyes glow briefly.
The deep troll simulacrum barely misses you.
You furiously retaliate!
You headbutt the deep troll simulacrum, but do no damage.
The deep troll simulacrum claws you but does no damage. x2
The anaconda simulacrum bites you but does no damage.
The anaconda simulacrum constricts you.
You hit the orange crystal statue.
You headbutt the orange crystal statue, but do no damage.
The harpy simulacrum claws you but does no damage. x2
The spriggan defender simulacrum hits you.
The spriggan defender simulacrum freezes you!!!
The anaconda simulacrum bites you but does no damage.
The anaconda simulacrum constricts you. The harpy simulacrum barely misses you.
The harpy simulacrum claws you but does no damage.
You hit the orange crystal statue but do no damage.
The spriggan defender simulacrum hits you but does no damage.
You block the harpy simulacrum's attack. x2
The soul eater hits you but does no damage.
The deep troll simulacrum bites you! The deep troll simulacrum freezes you!!
* * * LOW HITPOINT WARNING * * *
The deep troll simulacrum barely misses you.
The deep troll simulacrum claws you but does no damage.
The anaconda simulacrum bites you.
* * * LOW HITPOINT WARNING * * *
The anaconda simulacrum freezes you!!
* * * LOW HITPOINT WARNING * * *
The anaconda simulacrum constricts you.
Blink to where?
The anaconda simulacrum's grasp on you weakens, but your attempt to escape fails.
As you read the scroll of blinking, it crumbles to dust.
The harpy simulacrum claws you but does no damage.
You block the harpy simulacrum's attack.
The spriggan defender simulacrum closely misses you.
The harpy simulacrum claws you.
You die...

#### #### ###.#.##
##..## #### 8......##
#....#####..####.......#
.......##....##..5.....#
.∩.∩.....).#....5......#
..........###...4.....#
#....##..##...#3ZZ....#
##..#######..###@.....#
#### #.○ #8ZZ....# ##.
##.....## .. #....## .#
##..## .. ... #... ..##


You could see an orange crystal statue, an obsidian statue (mesmerising), a soul
eater (summoned), a red devil (summoned), 2 quasits, an anaconda simulacrum
(summoned), a harpy simulacrum (summoned), a spriggan defender simulacrum
(summoned) and a deep troll simulacrum (summoned).

Vanquished Creatures
  A rakshasa (D:9)
  5 hydras
  4 ogre magi (Orc:2)
  A boulder beetle (Lair:4)
  A centaur warrior (D:14)
  11 death yaks
  16 two-headed ogres
  2 bog bodies (Lair:2)
  3 spriggan simulacra (IceCv)
  A lindwurm (Lair:5)
  A necromancer (Lair:3)
  5 ugly things (D:14)
  A deep elf zephyrmancer (Orc:2)
  A deep elf pyromancer (Orc:2)
  6 black mambas
  2 cane toads
  A gargoyle (D:10)
  2 freezing wraiths (IceCv)
  A rime drake (Lair:5)
  3 ice devils (IceCv)
  7 komodo dragons
  5 trolls
  3 blink frogs (Lair:2)
  3 shadows
  55 yaks
  A wraith (D:10)
  3 wyverns
  2 basilisks
  A human (D:8)
  3 vampire mosquitoes (D:11)
  2 swamp worms (Lair:2)
  Edmund (D:4)
  An acid dragon (D:8)
  5 wargs
  19 water moccasins
  10 orc warriors
  A swamp drake (Orc:2)
  3 ice beasts
  25 ogres
  4 black bears
  8 centaurs
  4 wolves (Lair:3)
  7 bullfrogs
  A kobold brigand (D:6)
  2 necrophages
  4 scorpions
  12 wights
  16 killer bees
  A howler monkey (D:9)
  3 electric eels
  A crimson imp (Orc:2)
  5 hounds
  2 jellies
  Crazy Yiuf (D:7)
  12 orc priests
  A gnoll bouda (D:8)
  An iron imp (Orc:2)
  An iguana (D:7)
  17 orc wizards
  5 polar bear simulacra (Lair:3)
  2 yak simulacra (Lair:3)
  2 wolf simulacra (Lair:3)
  6 gnolls
  4 adders
  2 shadow imps
  2 white imps
  An ufetubus (D:5)
  65 orcs
  5 ball pythons
  6 endoplasms
  A giant cockroach (D:4)
  4 goblins
  7 hobgoblins
  9 jackals
  11 kobolds
  5 quokkas
  2 bats (D:1)
  3 frilled lizards
  10 rats
  2 river rat simulacra (Lair:3)
  A butterfly (D:5)
476 creatures vanquished.

Vanquished Creatures (others)
  16 fungi
  19 plants
35 creatures vanquished.

Grand Total: 511 creatures vanquished

Notes
Turn   | Place    | Note
-------+----------+-------------------------------------------
     0 | D:1      | ILmort the Minotaur Fighter began the quest for the Orb.
     0 | D:1      | Reached XP level 1. HP: 19/19 MP: 0/0
   282 | D:1      | Found a faded altar of an unknown god.
   289 | D:1      | Reached XP level 2. HP: 22/27 MP: 1/1
   599 | D:1      | Reached XP level 3. HP: 22/33 MP: 2/2
  1018 | D:2      | Found a hazy altar of Hepliaklqana.
  1678 | D:3      | Reached XP level 4. HP: 38/40 MP: 3/3
  1912 | D:3      | Found a radiant altar of Vehumet.
  2048 | D:3      | Found Imnoq's Weapon Shop.
  2667 | D:4      | Noticed Edmund
  2734 | D:5      | Entered Level 5 of the Dungeon
  2751 | D:5      | Noticed an ogre
  2756 | D:5      | Killed an ogre
  2757 | D:5      | Reached skill level 1 in Polearms
  2757 | D:5      | Reached XP level 5. HP: 24/47 MP: 4/4
  2765 | D:5      | Reached skill level 5 in Fighting
  2765 | D:5      | Reached skill level 5 in Maces & Flails
  2964 | D:5      | Reached skill level 5 in Armour
  2964 | D:5      | Reached XP level 6. HP: 48/56 MP: 5/5
  3164 | D:5      | Noticed an ice beast
  3170 | D:5      | Killed an ice beast
  3184 | D:5      | Found a shimmering altar of Xom.
  3250 | D:5      | Noticed an ice beast
  3259 | D:5      | Killed an ice beast
  3260 | D:5      | Reached XP level 7. HP: 63/63 MP: 6/6
  3295 | D:5      | Found Nicach's Weapon Shoppe.
  3689 | D:6      | Found a staircase to the Ecumenical Temple.
  3950 | Temple   | Entered the Ecumenical Temple
  3982 | Temple   | Became a worshipper of Warmaster Okawaru
  4092 | D:6      | Found a sparkling altar of Nemelex Xobeh.
  4136 | D:6      | Reached skill level 1 in Invocations
  4177 | D:6      | Reached skill level 5 in Polearms
  4205 | D:6      | Noticed a yak
  4205 | D:6      | Noticed a yak
  4205 | D:6      | Noticed a yak
  4205 | D:6      | Noticed a yak
  4205 | D:6      | Noticed a yak
  4205 | D:6      | Noticed a yak
  4220 | D:6      | Killed a yak
  4220 | D:6      | Reached * piety under Okawaru
  4221 | D:6      | Reached XP level 8. HP: 34/73 MP: 6/8
  4744 | D:4      | Killed Edmund
  5258 | D:7      | Found a transporter.
  5261 | D:7      | Noticed DoubleLucky's ghost (novice TrFi)
  5263 | D:7      | Found a transporter.
  5291 | D:7      | Found a snail-covered altar of Cheibriados.
  5435 | D:7      | Reached ** piety under Okawaru
  5440 | D:7      | Reached XP level 9. HP: 41/81 MP: 10/10
  6045 | D:7      | Found a shadowy altar of Dithmenos.
  6431 | D:7      | Found a runed translucent door.
  6432 | D:7      | Noticed Crazy Yiuf
  6439 | D:7      | Killed Crazy Yiuf
  6623 | D:7      | Identified a scroll of acquirement
  6630 | D:7      | Acquired the amulet "Sobon" {Spirit +Inv Str-2 Dex+4}
  6721 | D:6      | Reached *** piety under Okawaru
  7017 | D:8      | Found a hide-covered altar of Uskayaw.
  7169 | D:8      | Found a staircase to the Lair.
  7178 | D:8      | Reached skill level 5 in Invocations
  7193 | D:8      | Reached XP level 10. HP: 66/91 MP: 9/12
  7258 | D:8      | Reached skill level 10 in Polearms
  8607 | D:8      | Reached **** piety under Okawaru
  9156 | D:9      | Noticed a two-headed ogre
  9197 | D:9      | Killed a two-headed ogre
  9198 | D:9      | Reached skill level 10 in Fighting
  9490 | D:9      | Found a staircase to the Orcish Mines.
  9562 | D:9      | Reached ***** piety under Okawaru
  9761 | D:9      | Reached skill level 10 in Armour
  9949 | D:9      | Noticed a rakshasa
  9965 | D:9      | Killed a rakshasa
 10235 | D:9      | Identified the +6 hand axe "Publeh" {vorpal, Will++}
 10284 | D:9      | Reached XP level 11. HP: 100/101 MP: 12/14
 11035 | D:10     | Entered Level 10 of the Dungeon
 11560 | D:10     | Identified the +6 halberd "Pohurphun" {pain, rElec}
                  | (Okawaru gifted it to you on level 10 of the Dungeon)
 11560 | D:10     | Received a gift from Okawaru
 11659 | D:10     | Noticed a two-headed ogre
 11668 | D:10     | Killed a two-headed ogre
 11707 | D:10     | Noticed a two-headed ogre
 11720 | D:10     | Killed a two-headed ogre
 11846 | D:10     | Got the Precepts of Violent Malediction
 12103 | D:10     | Noticed Sonja
 12103 | D:10     | Noticed Nergalle
 12427 | Lair:1   | Entered Level 1 of the Lair of Beasts
 13127 | Lair:1   | Identified the +0 pair of gloves of the Dungeon {Dex+4}
                  | (Okawaru gifted it to you on level 1 of the Lair of Beasts)
 13127 | Lair:1   | Received a gift from Okawaru
 13545 | Lair:1   | Noticed a seven-headed hydra
 13557 | Lair:1   | Killed a seven-headed hydra
 13558 | Lair:1   | Reached XP level 12. HP: 56/111 MP: 11/17
 13938 | Lair:2   | Noticed a death yak
 13958 | Lair:2   | Noticed a death yak
 13969 | Lair:1   | Killed a death yak
 14148 | Lair:2   | Noticed a death yak
 14158 | Lair:1   | Killed a death yak
 14395 | Lair:1   | Killed a death yak
 14513 | Lair:2   | Noticed a four-headed hydra
 14529 | Lair:2   | Killed a four-headed hydra
 14966 | Lair:2   | Reached ****** piety under Okawaru
 15457 | Lair:2   | Found a staircase to the Swamp.
 16041 | Lair:3   | Found a shimmering altar of Xom.
 16060 | Lair:3   | Found a staircase to the Snake Pit.
 16080 | Lair:3   | Identified the +0 buckler "Bylygha" {Harm rF+} (Okawaru
                  | gifted it to you on level 3 of the Lair of Beasts)
 16080 | Lair:3   | Received a gift from Okawaru
 16596 | Lair:3   | Reached skill level 10 in Invocations
 16876 | Lair:4   | Noticed a boulder beetle
 16915 | Lair:4   | Killed a boulder beetle
 17158 | Lair:4   | Reached XP level 13. HP: 122/122 MP: 19/19
 17172 | Lair:4   | Reached skill level 1 in Throwing
 17585 | Lair:4   | Acquired the +1 hat of the Raven {+Inv Str+7 Int-2}
 17735 | Lair:4   | Found a staircase to the Slime Pits.
 17921 | Lair:5   | Entered Level 5 of the Lair of Beasts
 19185 | Lair:5   | Received a gift from Okawaru
 19514 | Orc:1    | Entered Level 1 of the Orcish Mines
 19937 | Orc:2    | Entered Level 2 of the Orcish Mines
 19937 | Orc:2    | Found a staircase to the Elven Halls.
 20259 | Orc:2    | Identified the +9 bardiche of the Mauling Gods {flame,
                  | rElec Str+2} (Okawaru gifted it to you on level 2 of the
                  | Orcish Mines)
 20259 | Orc:2    | Received a gift from Okawaru
 20508 | Orc:2    | Reached skill level 5 in Throwing
 20509 | Orc:2    | Identified the +4 robe of Cin Lal {Str+2}
 20588 | Orc:2    | Found Dabitamu's Jewellery Shoppe.
 20588 | Orc:2    | Found Baxus's Antique Armour Shop.
 20588 | Orc:2    | Found Cueghoru's Antique Armour Boutique.
 20588 | Orc:2    | Found Nirgheuggi's Book Shoppe.
 20620 | Orc:2    | Bought a glimmering plate armour for 924 gold pieces
 20620 | Orc:2    | Identified the +5 plate armour of Sophism {rN+ Int+2} (You
                  | bought it in a shop on level 2 of the Orcish Mines)
 20640 | Orc:2    | Reached XP level 14. HP: 133/133 MP: 21/21
 20705 | Orc:2    | Reached skill level 15 in Fighting
 20728 | Orc:2    | Reached skill level 15 in Polearms
 20790 | Orc:2    | Received a gift from Okawaru
 20917 | Orc:2    | Paralysed by an ogre mage for 4 turns
 20924 | Orc:2    | Reached skill level 15 in Armour
 21254 | D:11     | Identified the ring of Circularity {rF+ rN+ Str+7}
 21639 | D:11     | You fall into a shaft and drop 3 floors!
 21808 | D:14     | Found a frozen archway.
 21818 | IceCv    | Entered an ice cave
 22354 | IceCv    | HP: 3/135 [anaconda simulacrum[an orange crystal statue]
                  | (17)]
 22355 | IceCv    | Slain by a harpy simulacrum

Illustrated notes

Levels and vault maps discovered:
D:1:      dpeg_arrival_long_road, layout_basic,
          ebering_ecumenical_altar_abandoned
D:2:      layout_rooms, basic_altar, chequers_arboretum,
          hangedman_abyss_or_decor_stabs
D:3:      layout_loops_corners, marbit_many_paths, serial_shops,
          nicolae_shop_crystal
D:4:      layout_loops_corners, uniq_edmund, uniq_duvessa
D:5:      layout_cave_pools, xom_butterflies, serial_shops,
          nicolae_inconvenience_store
D:6:      layout_basic, nemelex_diamond_rough_becter,
          minmay_temple_entry_slanted
D:7:      layout_loops_ring, mainiacjoe_overflow_paths, old_standard_altar,
          gammafunk_ghost_hive, grunt_tough_drop, uniq_crazy_yiuf_cottage
D:8:      layout_loops_ring, nicolae_uskayaw_murder_on_the_dancefloor,
          erik_lair_orcish_takeover
D:9:      layout_irregular_city, erik_orc_4, serial_column_ruins,
          column_ruins_hut, column_ruins_hut, column_ruins_open_tiny,
          column_ruins_grid_1, column_ruins_grid_1,
          column_ruins_corridor_straight, column_ruins_open_tiny,
          grunt_decor_arrowhead, minmay_radiant
D:10:     layout_long_grid, uniq_sonja, uniq_nergalle
D:11:     layout_rooms, serial_shops, nicolae_shop_waterfront
D:14:     evilmike_diamond_1, layout_gridville, minmay_misc_feat_pillars,
          portal_ice_cave_entry_pillars_three
Temple:   nicolae_temple_bog_church
Lair:1:   layout_regular_city, serial_bayou_shore_a, infiniplex_staircase_pool_2
Lair:2:   layout_loops_ring, nicolae_swamp_entry_splash_gauntlet,
          infiniplex_staircase_pool
Lair:3:   layout_chaotic_city, minmay_snake_entry_six_corridors, basic_altar,
          eino_house_with_fridge, grunt_megastairs_3
Lair:4:   layout_gridlike, dpeg_slime_entry_enclosed, grunt_megastairs_5
Lair:5:   cheibrodos_lair_end_hotspot, layout_misc_corridors, uniq_nessos
Orc:1:    layout_diamond_mine
Orc:2:    st_orc_ogre_mass, layout_caves, hangedman_minor_magic
IceCv:    ice_cave_small_demon

Skill      XL: |  1  2  3  4  5  6  7  8  9 10 11 12 13 14 |
---------------+-------------------------------------------+-----
Maces & Flails | 3 4 5 |  5.0
Armour         | 4 5 6 7 9 10 11 13 14 15 | 15.3
Shields        | 4 |  4.0
Fighting       | 4 5 6 7 9 10 11 13 14 15 | 15.4
Polearms       | 1 3 5 7 9 12 14 15 | 15.4
Invocations    | 1 3 5 6 8 10 11 | 11.5
Throwing       | 5 6 |  6.0

Action                   |  1- 3 |  4- 6 |  7- 9 | 10-12 | 13-15 || total
-------------------------+-------+-------+-------+-------+-------++-------
Melee: Flail             |   115 |    67 |       |       |       ||   182
       Headbutt          |     9 |     6 |    31 |   112 |    82 ||   240
       Demon trident     |       |    21 |   232 |   565 |   432 ||  1250
       Morningstar       |       |       |       |    10 |    26 ||    36
Throw: Dart              |       |       |       |     1 |     6 ||     7
Invok: Heroism           |       |       |     1 |     3 |     5 ||     9
       Finesse           |       |       |       |       |     1 ||     1
  Use: Potion            |       |     1 |     5 |       |       ||     6
       Scroll            |       |     7 |    10 |     6 |    11 ||    34
Armor: Scale mail        |    82 |    38 |    40 |       |       ||   160
       Plate armour      |       |       |    41 |   243 |   236 ||   520
Dodge: Dodged            |    86 |    35 |    66 |   144 |    94 ||   425
Block: Buckler           |    30 |    23 |    44 |   104 |    67 ||   268
